 Dungeon Crawl Stone Soup version 0.27-a0-597-g524d869a0f (webtiles) character file.

Game seed: 17685161709188260672

77 Pooter the Skirmisher (level 4, -1/41 HPs)
             Began as a Minotaur Fighter on Mar 11, 2021.
             Succumbed to a gnoll's poison
             ... on level 1 of the Dungeon.
             The game lasted 00:09:49 (1497 turns).

Pooter the Skirmisher (Minotaur Fighter)            Turns: 1497, Time: 00:09:49

Health: -1/41      AC:  6    Str: 22    XL:     4   Next: 13%
Magic:  3/3        EV:  7    Int:  5    God:
Gold:   37         SH:  9    Dex:  9    Spells: 3/3 levels left

rFire    . . .     SeeInvis .   a - +0 war axe
rCold    . . .     Faith    .   c - +0 kite shield
rNeg     . . .     Spirit   .   e - +0 scale mail
rPois    .         Reflect  .   (helmet restricted)
rElec    .         Harm     .   (no cloak)
rCorr    .         Rampage  .   (no gloves)
Will     .....                  (no boots)
Stlth    ..........             (no amulet)
HPRegen  0.13/turn              (no ring)
MPRegen  0.08/turn              (no ring)

@: lethally poisoned (-1 -> -21), flying
A: horns 2, retaliatory headbutt
a: no special abilities


You were on level 1 of the Dungeon.
You visited 1 branch of the dungeon, and saw 2 of its levels.

You collected 37 gold pieces.

Inventory:

Hand Weapons
 a - a +0 war axe (weapon)
 b - a +0 hunting sling
Missiles
 f - 11 sling bullets
 s - 23 stones (quivered)
Armour
 c - a +0 kite shield (worn)
 e - a +0 scale mail (worn)
Scrolls
 i - a scroll of teleportation {unknown}
 j - a scroll of magic mapping {unknown}
 k - 2 scrolls of identify {unknown}
Potions
 g - a potion of attraction {unknown}
 h - a potion of magic {unknown}
 l - 2 potions of mutation {unknown}
 m - a potion of curing {unknown}
 L - a potion of flight
 M - a potion of might


   Skills:
 + Level 4.4 Fighting
 * Level 4.3 Axes
 + Level 1.3 Slings
 - Level 3.6 Armour
 - Level 3.6 Shields


You had 3 spell levels left.
You didn't know any spells.
Your spell library was empty.

Dungeon Overview and Level Annotations

Branches:
Dungeon (2/15)

Altars:

Annotations:
D:1 Natasha


Innate Abilities, Weirdness & Mutations

You have a pair of horns on your head.
You reflexively headbutt those who attack you in melee.


Message History

You start resting.
You are no longer poisoned.
You start resting.
HP restored.
a - a +0 war axe (weapon)
You climb downwards.
Level annotation: Natasha Natasha stares at you and mumbles some strange words.
The magic dart hits you.
There is a stone staircase leading up here.
The gnoll hits you with a +1 halberd of venom.
You are poisoned.
You hit the gnoll.
The gnoll is moderately wounded.
The gnoll hits you with a +1 halberd of venom!
* * * LOW HITPOINT WARNING * * *
You are lethally poisoned!
The gnoll hits you from afar with a +0 halberd.
* * * LOW HITPOINT WARNING * * *
Natasha casts a spell.
You barely miss the gnoll.
The gnoll is moderately wounded.
* * * LOW HITPOINT WARNING * * *
You feel very sick.
You kill the gnoll!
You have reached level 4!
You feel stronger.
Unknown command.
* * * LOW HITPOINT WARNING * * *
There is a stone staircase leading up here.
* * * LOW HITPOINT WARNING * * *
You climb upwards.
* * * LOW HITPOINT WARNING * * *
You feel very sick.
There is a stone staircase leading down here.
It was a potion of flight.
You feel very buoyant.
You fly up into the air.
L - a potion of flight You die...

.......#
#....#...##...#
.......#
#....#...##+#.#
......##
#....#........#
#######
#....#........# #
###..##..>....# #
##.##.......# #
######.##.#####.# #
##......##.......#
#
##....#..@#########
# #.....#.#h#
########.###.#.#.#
......##.#[#.....#
##'##.##.###.#.###
.............#.#
......รท....###.#
........####
#.###########
........#
#.#.........#


You could see Natasha.

Vanquished Creatures
  Natasha (D:2)
  2 gnolls (D:2)
  An ooze (D:2)
  A dart slug (D:1)
  A giant cockroach (D:1)
  2 goblins (D:1)
  2 hobgoblins (D:1)
  A ball python (D:1)
  A bat (D:2)
  4 frilled lizards
  8 kobolds
  7 rats (D:1)
31 creatures vanquished.

Notes
Turn   | Place    | Note
-------+----------+-------------------------------------------
     0 | D:1      | Pooter the Minotaur Fighter began the quest for the Orb.
     0 | D:1      | Reached XP level 1. HP: 19/19 MP: 0/0
    67 | D:1      | Reached XP level 2. HP: 19/27 MP: 1/1
  1146 | D:2      | Reached XP level 3. HP: 32/33 MP: 2/2
  1155 | D:2      | Noticed Natasha
  1161 | D:2      | Killed Natasha
  1162 | D:2      | Reached skill level 1 in Slings
  1283 | D:2      | Noticed Natasha
  1494 | D:2      | Reached XP level 4. HP: 8/41 MP: 3/3
  1496 | D:1      | HP: 1/41 [poisoned by a gnoll]
  1497 | D:1      | Succumbed to a gnoll's poison

Illustrated notes

Levels and vault maps discovered:
D:1:      dpeg_arrival_shrine, layout_basic, item_on_display_b
D:2:      minmay_razor_zed, layout_rooms, minitemple, uniq_natasha

Skill      XL: |  1  2  3 |
---------------+----------+-----
Axes           | 3 4 |  4.3
Fighting       | 4 |  4.4
Slings         | 1 |  1.3
Armour         | |  3.6
Shields        | |  3.6

Action                   |  1- 3 |  4- 6 || total
-------------------------+-------+-------++-------
Melee: War axe           |    52 |       ||    52
       Headbutt          |     7 |       ||     7
 Fire: Hunting sling     |    24 |       ||    24
  Use: Potion            |       |     1 ||     1
Armor: Scale mail        |    23 |       ||    23
Dodge: Dodged            |    21 |       ||    21
Block: Kite shield       |    30 |     1 ||    31

Table legend: (Time is in decaauts)
 A = Elapsed time spent in this place.
 B = Non-inter-level travel time spent in this place.
 C = Inter-level travel time spent in this place.
 D = Time resting spent in this place.
 E = Time spent auto-exploring this place.
 F = Levels seen in this place.
 G = Mean time per level.
                   A        B        C        D        E       F      G
               +--------+--------+--------+--------+--------+-----+--------+
         Total |   1535 |   1498 |     37 |    346 |    903 |   2 |  767.5 |
       Dungeon |   1535 |   1498 |     37 |    346 |    903 |   2 |  767.5 |
               +--------+--------+--------+--------+--------+-----+--------+

Top non-repeatable levels by time:
     D:1: 1123 daAuts
     D:2: 412 daAuts
